 Dungeon Crawl Stone Soup version 0.28-a0-556-gab23d0e057 (webtiles) character file.

Game seed: 9433605608818525461

4707 nicanaca0 the Basher (level 10, 88/88 HPs)
             Began as a Minotaur Berserker on Sept 26, 2021.
             Was an Elder of Trog.
             Quit the game on level 8 of the Dungeon on Sept 28, 2021.
             The game lasted 00:15:59 (9392 turns).

nicanaca0 the Basher (Minotaur Berserker)           Turns: 9392, Time: 00:15:59

Health: 88/88      AC: 17    Str: 25    XL:     10   Next: 21%
Magic:  9/9        EV:  8    Int:  7    God:    Trog [****..]
Gold:   472        SH:  5    Dex: 17    Spells: 9/9 levels left

rFire   . . .      SeeInvis .   a - +7 hand axe "Ciepez" {venom, Str+4}
rCold   . . .      Faith    .   A - +0 buckler
rNeg    . . .      Spirit   .   z - +1 plate armour
rPois   .          Reflect  .   (helmet restricted)
rElec   .          Harm     .   v - +0 cloak
rCorr   +          Rampage  .   (no gloves)
Will    .....                   y - +0 pair of boots
Stlth   ..........              (no amulet)
HPRegen 0.24/turn               h - +6 ring of dexterity
MPRegen 0.11/turn               t - ring of resist corrosion

@: no status effects
A: horns 2, retaliatory headbutt
a: Renounce Religion, Berserk, Trog's Hand, Brothers in Arms


You were on level 8 of the Dungeon.
You worshipped Trog.
Trog was greatly pleased with you.
You visited 1 branch of the dungeon, and saw 8 of its levels.
You also visited: Sewer.

You collected 472 gold pieces.

Inventory:

Hand Weapons
 a - the +7 hand axe "Ciepez" (weapon) {venom, Str+4}
   (You found it on level 6 of the Dungeon)

   It poisons the flesh of those it strikes.
   Str:       It affects your strength (+4).
 b - a +0 hunting sling
 C - a +0 scimitar of flaming
 D - a +1 vorpal hand axe
Missiles
 g - 144 stones (quivered)
 k - 54 sling bullets
 o - 7 boomerangs
Armour
 v - a +0 cloak (worn)
 y - a +0 pair of boots (worn)
 z - a +1 plate armour (worn)
 A - a +0 buckler (worn)
Jewellery
 h - a +6 ring of dexterity (left hand)
 j - a ring of ice
 t - a ring of resist corrosion (right hand)
 u - a +6 ring of dexterity
Wands
 w - a wand of polymorph (11)
Scrolls
 c - a scroll of summoning
 d - 4 scrolls of teleportation {@r2}
 l - 3 scrolls of blinking {@r2}
 s - a scroll of magic mapping {unknown}
 x - a scroll of fog {unknown}
 B - a scroll of holy word {unknown}
Potions
 e - 2 potions of brilliance {unknown}
 f - 6 potions of curing {@q1}
 i - 3 potions of heal wounds {@q2}
 m - 2 potions of degeneration
 n - 5 potions of flight
 p - a potion of might {unknown}
 r - a potion of haste {unknown}


   Skills:
 + Level 7.9 Fighting
 - Level 3.6(8.9) Axes
 - Level 12.6(12.8) Maces & Flails
 + Level 5.3 Throwing
 + Level 7.3 Armour
 - Level 2.1 Dodging
 + Level 4.0 Shields


You had 9 spell levels left.
You didn't know any spells.
Your spell library was empty.

Dungeon Overview and Level Annotations

Branches:
Dungeon (8/15)             Temple (0/1) D:6           Sewer (visited)
   Lair: D:8-11

Altars:
Dithmenos
Elyvilon
Makhleb
Okawaru
Trog
Uskayaw
Wu Jian
Yredelemnul


Innate Abilities, Weirdness & Mutations

You have a pair of horns on your head.
You reflexively headbutt those who attack you in melee.


Message History

A centaur zombie is nearby!
A centaur zombie is nearby!
You throw a stone. The stone hits the centaur zombie.
The centaur zombie is severely damaged.
Key pressed, stopping explore.
No target in view!
You hear some strange, mumbled words.
You are confused.
You are too confused!
There is a strange disturbance nearby!
You are too confused!
There is a strange disturbance nearby!
You are too confused!
You are too confused!
There is a strange disturbance nearby!
You are too confused!
You're too confused to move!
You bump into the rock wall.
Something hits you but does no damage.
You bump into the rock wall.
Something hits you but does no damage.
You hit something. Something hits you but does no damage.
You bump into the rock wall.
Something hits you but does no damage.
You bump into the rock wall.
Something completely misses you.
You bump into the rock wall.
Something hits you but does no damage.
You completely miss something. Your headbutt misses something.
You feel less confused. Something hits you but does no damage.
You hit something. Your headbutt misses something. Something hits you.
You slash something! Trog accepts your kill.
Trog appreciates your killing of a magic user.
Reactivating autopickup.
You feel a bit more experienced.
Items here: )) ? [[ ††.
Welcome back, nicanaca0 the Minotaur Berserker.
Trog says: Kill them all!
Press ? for a list of commands and other information.
You start resting.
HP restored.
Autopickup is now off.
Are you sure you want to abandon this character and quit the game? (Confirm with "yes".)

####### #.).g.#
#.###)# #.####<###.#
#..(()[@.#g# #......
...####.#.#Z# #......
#.#(#.#### #......
#...(....## ......
...##.#(....# #...##
......)÷....# #.....
....###.((..####...##
.... ##....Y........
... #....gg..Y....


There were no monsters in sight!

Vanquished Creatures
  3 death yaks (D:7)
  The ghost of whitenoisemaker the Gusty, a novice HuAE of Vehumet (D:7)
  A wyvern (D:7)
  2 yaks
  2 black bears
  An orc warrior (D:7)
  An ice beast (D:6)
  A sky beast (D:6)
  2 ogres
  A wolf (D:8)
  2 phantoms (D:5)
  A kobold brigand (Sewer)
  2 bullfrogs
  3 gnoll sergeants
  A howler monkey (D:8)
  2 jellies
  2 centaur zombies
  2 hounds
  A bullfrog skeleton (D:5)
  3 iguanas
  4 orc wizards
  2 hound skeletons (D:4)
  12 gnolls
  5 adders
  A river rat (Sewer)
  A shadow imp (D:8)
  An ufetubus (D:5)
  3 worms
  3 dart slugs
  14 orcs
  10 endoplasms
  8 giant cockroaches
  8 hobgoblins
  3 jackals (D:3)
  11 kobolds
  7 quokkas
  7 ball pythons
  7 bats
  5 frilled lizards (D:1)
  10 goblins
  2 quokka skeletons (D:4)
  11 rats
169 creatures vanquished.

Vanquished Creatures (collateral kills)
  An orc priest (D:8)
  2 gnolls (D:8)
  An orc (D:8)
4 creatures vanquished.

Grand Total: 173 creatures vanquished

Notes
Turn   | Place    | Note
-------+----------+-------------------------------------------
     0 | D:1      | nicanaca0 the Minotaur Berserker began the quest for the
                  | Orb.
     0 | D:1      | Reached XP level 1. HP: 19/19 MP: 0/0
    19 | D:1      | Reached skill level 1 in Maces & Flails
   188 | D:1      | Reached skill level 2 in Maces & Flails
   188 | D:1      | Reached XP level 2. HP: 22/26 MP: 1/1
   757 | D:1      | Reached skill level 3 in Maces & Flails
   813 | D:1      | Reached XP level 3. HP: 29/31 MP: 2/2
   960 | D:1      | Found a faded altar of an unknown god.
   981 | D:1      | Reached ** piety under Trog
  1767 | D:2      | Reached skill level 4 in Maces & Flails
  2072 | D:2      | Reached XP level 4. HP: 39/39 MP: 3/3
  2212 | D:2      | Noticed an ogre
  2238 | D:2      | Killed an ogre
  2239 | D:2      | Reached skill level 6 in Maces & Flails
  2239 | D:2      | Reached XP level 5. HP: 14/45 MP: 4/4
  4022 | D:4      | Reached *** piety under Trog
  4023 | D:4      | Reached skill level 7 in Maces & Flails
  4030 | D:4      | Found a shadowy altar of Dithmenos.
  4144 | D:4      | Found a bloodstained altar of Trog.
  4294 | D:4      | Reached XP level 6. HP: 51/51 MP: 5/5
  4710 | D:4      | Reached skill level 8 in Maces & Flails
  4950 | D:5      | Entered Level 5 of the Dungeon
  5100 | D:5      | Found an ornate altar of the Wu Jian Council.
  5141 | D:5      | Reached XP level 7. HP: 48/57 MP: 6/6
  5227 | D:5      | Reached skill level 9 in Maces & Flails
  5546 | D:5      | Found an iron altar of Okawaru.
  5551 | D:5      | Found a white marble altar of Elyvilon.
  5753 | D:5      | Reached skill level 10 in Maces & Flails
  6310 | D:6      | Reached **** piety under Trog
  6441 | D:6      | Reached skill level 1 in Throwing
  6441 | D:6      | Reached XP level 8. HP: 50/67 MP: 7/7
  6634 | D:6      | Found a staircase to the Ecumenical Temple.
  6685 | D:6      | Found a glowing drain.
  6702 | Sewer    | Entered a sewer
  7060 | Sewer    | Found a white marble altar of Elyvilon.
  7144 | D:6      | Reached skill level 5 in Fighting
  7719 | D:6      | Identified the +7 hand axe "Ciepez" {venom, Str+4}
  7886 | D:7      | Found a hide-covered altar of Uskayaw.
  7886 | D:7      | Found a basalt altar of Yredelemnul.
  7958 | D:7      | Reached skill level 11 in Maces & Flails
  8005 | D:7      | Found a runed translucent door.
  8005 | D:7      | Noticed whitenoisemaker's ghost (novice HuAE)
  8130 | D:7      | Found a burning altar of Makhleb.
  8364 | D:7      | Killed whitenoisemaker's ghost
  8365 | D:7      | Reached skill level 5 in Armour
  8365 | D:7      | Reached XP level 9. HP: 32/75 MP: 8/8
  8522 | D:8      | Noticed a death yak
  8635 | D:8      | Noticed a death yak
  8647 | D:7      | Killed a death yak
  8904 | D:8      | Noticed a death yak
  8919 | D:7      | Reached skill level 12 in Maces & Flails
  8922 | D:7      | Killed a death yak
  8984 | D:8      | Reached XP level 10. HP: 22/86 MP: 9/9
  9042 | D:8      | Reached skill level 5 in Throwing
  9083 | D:7      | Killed a death yak
  9386 | D:8      | Upgraded the game from 0.28-a0-535-g6f645e4c1d to
                  | 0.28-a0-556-gab23d0e057
  9392 | D:8      | Quit the game

Illustrated notes

Levels and vault maps discovered:
D:1:      erik_arrival_cave_to_civilisation [erik_arrival_cave_to_hall],
          layout_loops_ring, shapermc_ecumenical_altar_starsandcircs,
          kennysheep_flooded_box, minmay_misc_feat_doors
D:2:      minmay_angry_zag, layout_basic
D:3:      layout_loops_ring
D:4:      minmay_opposing_rooms, layout_loops_ring, grunt_temple_overflow_open
D:5:      layout_basic, mainiacjoe_overflow_boulevard,
          mainiacjoe_overflow_catwalk_spiral, minmay_between
D:6:      layout_gridville, minmay_temple_entry_junction, gup_sewer_entry_glass,
          kennysheep_nondescript
D:7:      layout_loops_ring, mainiacjoe_overflow_six_doors_small,
          gammafunk_temple_overflow_statue, gammafunk_ghost_grave,
          amethyst_killhole
D:8:      layout_loops_cross, kennysheep_mini_moat, dpeg_lair_monsters,
          grunt_ministairs_12, uniq_grum

Skill      XL: |  1  2  3  4  5  6  7  8  9 10 |
---------------+-------------------------------+-----
Maces & Flails | 2 3 4 6 7 8 10 11 12 | 12.6
Fighting       | 4 6 7 |  7.9
Armour         | 3 5 6 7 |  7.3
Throwing       | 1 3 4 5 |  5.3
Shields        | 2 4 |  4.0
Axes           | |  3.6
Dodging        | |  2.1

Action                   |  1- 3 |  4- 6 |  7- 9 | 10-12 || total
-------------------------+-------+-------+-------+-------++-------
Melee: Hand axe          |    84 |    85 |   168 |    26 ||   363
       Headbutt          |    16 |    15 |    53 |     7 ||    91
 Fire: Hunting sling     |       |    39 |       |       ||    39
Throw: Stone             |    85 |    48 |    10 |     7 ||   150
       Dart              |       |    72 |    61 |    18 ||   151
       Boomerang         |       |       |     5 |       ||     5
Invok: Trog's Hand       |       |       |     1 |     1 ||     2
       Berserk           |       |       |     1 |       ||     1
       Brothers in Arms  |       |       |     1 |       ||     1
  Use: Scroll            |       |     9 |     3 |       ||    12
       Potion            |       |       |     2 |       ||     2
Armor: Animal skin       |     9 |       |       |       ||     9
       Leather armour    |     1 |    10 |       |       ||    11
       Ring mail         |       |    10 |    11 |       ||    21
       Scale mail        |       |       |    34 |       ||    34
       Plate armour      |       |       |    24 |    21 ||    45
Dodge: Dodged            |    54 |    47 |    76 |    17 ||   194
Block: Buckler           |       |       |    19 |     8 ||    27

Table legend: (Time is in decaauts)
 A = Elapsed time spent in this place.
 B = Non-inter-level travel time spent in this place.
 C = Inter-level travel time spent in this place.
 D = Time resting spent in this place.
 E = Time spent auto-exploring this place.
 F = Levels seen in this place.
 G = Mean time per level.
                   A        B        C        D        E       F      G
               +--------+--------+--------+--------+--------+-----+--------+
         Total |   9432 |   9116 |    316 |   1784 |   5871 |   9 | 1048.0 |
       Dungeon |   9009 |   8693 |    316 |   1784 |   5505 |   8 | 1126.1 |
         Sewer |    422 |    422 |      0 |      0 |    366 |   1 |  422.0 |
               +--------+--------+--------+--------+--------+-----+--------+

Top non-repeatable levels by time:
     D:4: 1531 daAuts
     D:1: 1421 daAuts
     D:7: 1417 daAuts
     D:2: 1391 daAuts
     D:5: 1242 daAuts
     D:6: 1143 daAuts
     D:3: 630 daAuts
   Sewer: 422 daAuts
     D:8: 232 daAuts
